 Dungeon Crawl Stone Soup version 0.20-a0 (webtiles) character file.

58134 motkustreak321 the Unseen (level 14, -1/67 HPs)
             Began as a Felid Enchanter on Oct 27, 2016.
             Was a High Priest of Sif Muna.
             Slain by Saint Roka (38 damage)
             ... on level 2 of the Orcish Mines.
             The game lasted 02:24:55 (41381 turns).

motkustreak321 the Unseen (Felid Enchanter)        Turns: 41381, Time: 02:24:56

Health: -1/67      AC:  3    Str:  4    XL:     14   Next: 48%
Magic:  14/28      EV: 32    Int: 17    God:    Sif Muna [*****.]
Gold:   894        SH:  0    Dex: 21    Spells: 9 memorised, 5 levels left
                                        Lives:  0   Deaths: 4

rFire  + . .     SeeInvis +       - Unarmed
rCold  . . .     Gourm    .     (armour unavailable)
rNeg   . . .     Faith    .     (shield unavailable)
rPois  .         Spirit   .     (helmet unavailable)
rElec  .         Reflect  .     (cloak unavailable)
rCorr  .         Harm     .     (gloves unavailable)
MR     ++...                    (boots unavailable)
Stlth  +++++.....               Z - amulet of regeneration
                                r - ring of wizardry
                                D - ring of fire

@: about to teleport, blade paws, very slightly contaminated, quick
A: no armour, no weapons or thrown items, stealth, claws 1, fangs 3, see
invisible, carnivore 3, speed 1, shaggy fur 3, slow metabolism 1, (sharp paws)
a: End Transformation, Divine Energy, Channel Magic, Forget Spell, Renounce
Religion


You were on level 2 of the Orcish Mines.
You worshipped Sif Muna.
Sif Muna was extremely pleased with you.
You were completely stuffed.
You had blades for front paws.
You visited 4 branches of the dungeon, and saw 24 of its levels.

You collected 2123 gold pieces.
You spent 1229 gold pieces at shops.

Inventory:

Jewellery
 c - an uncursed ring of stealth
 r - a ring of wizardry (right scythe-like blade)
 D - a ring of fire (left scythe-like blade)
 H - the ring of Kusep {rPois rC+ rN+}
   (You found it on level 10 of the Dungeon)

   [ring of positive energy]

   It protects you from cold.
   It protects you from poison.
   It protects you from negative energy.
 P - an uncursed ring of resist corrosion
 T - an uncursed ring of ice
 Z - an amulet of regeneration (around neck)
Wands
 p - a wand of polymorph (14/24)
 q - a wand of teleportation (5/9)
 y - a wand of acid (5/15)
 K - a wand of acid (7/15)
 R - a wand of acid (12/15)
 S - a wand of disintegration (6/24)
Scrolls
 d - 3 scrolls of recharging
 e - 4 scrolls of fog
 g - 7 scrolls of remove curse
 i - 2 scrolls of fear
 l - 4 scrolls of magic mapping
 v - 2 scrolls of amnesia
 E - a scroll of identify
 J - 2 scrolls of blinking
 Q - 3 scrolls of summoning
Potions
 f - a potion of magic {unknown}
 m - 3 potions of agility
 n - 4 potions of brilliance
 o - a potion of haste {unknown}
 s - a potion of degeneration {unknown}
 t - 5 potions of invisibility
 A - a potion of beneficial mutation {unknown}
 F - a potion of ambrosia {unknown}
 I - 3 potions of curing
 M - a potion of cancellation {unknown}
 N - a potion of berserk rage {unknown}
 O - 3 potions of flight {unknown}
 W - a potion of lignification {unknown}
Books
 a - a book of Maledictions

   Spells                             Type                      Level
   a - Corona                         Hexes                        1
   b - Ensorcelled Hibernation        Hexes/Ice                    2
   c - Confuse                        Hexes                        3
   d - Tukima's Dance                 Hexes                        3
   e - Dazzling Spray                 Conjuration/Hexes            3
 j - Sif Muna's Papyrus of Dusty Attacks
   (Sif Muna gifted it to you on level 11 of the Dungeon)

   Spells                             Type                      Level
   a - Fulminant Prism                Conjuration/Hexes            4
   b - Leda's Liquefaction            Hexes/Earth                  4
   c - Lee's Rapid Deconstruction     Earth                        5
   d - Shatter                        Earth                        9
 k - a book of Death

   Spells                             Type                      Level
   a - Corpse Rot                     Necromancy                   2
   b - Sublimation of Blood           Necromancy                   2
   c - Agony                          Necromancy                   5
   d - Dispel Undead                  Necromancy                   5
   e - Excruciating Wounds            Charms/Necromancy            5
   f - Bolt of Draining               Conjuration/Necromancy       5
 w - a book of Misfortune

   Spells                             Type                      Level
   a - Confusing Touch                Hexes                        1
   b - Confuse                        Hexes                        3
   c - Gell's Gravitas                Hexes/Translocation          3
   d - Petrify                        Transmutation/Earth          4
   e - Metabolic Englaciation         Hexes/Ice                    5
   f - Yara's Violent Unravelling     Hexes/Transmutation          5
 G - a book of Necromancy

   Spells                             Type                      Level
   a - Pain                           Necromancy                   1
   b - Animate Skeleton               Necromancy                   1
   c - Vampiric Draining              Necromancy                   3
   d - Regeneration                   Charms/Necromancy            3
   e - Animate Dead                   Necromancy                   4
   f - Control Undead                 Necromancy                   4
 L - a book of the Sky

   Spells                             Type                      Level
   a - Summon Lightning Spire         Summoning/Air                4
   b - Airstrike                      Air                          4
   c - Silence                        Hexes/Air                    5
   d - Deflect Missiles               Charms/Air                   6
   e - Conjure Ball Lightning         Conjuration/Air              6
   f - Tornado                        Air                          9
 V - a book of Alchemy

   Spells                             Type                      Level
   a - Sublimation of Blood           Necromancy                   2
   b - Ignite Poison                  Fire/Transmutation/Poison    3
   c - Petrify                        Transmutation/Earth          4
   d - Alistair's Intoxication        Transmutation/Poison         5
   e - Irradiate                      Conjuration/Transmutation    5
 X - a book of Callings

   Spells                             Type                      Level
   a - Summon Small Mammal            Summoning                    1
   b - Call Imp                       Summoning                    2
   c - Call Canine Familiar           Summoning                    3
   d - Summon Guardian Golem          Hexes/Summoning              3
   e - Summon Lightning Spire         Summoning/Air                4
   f - Summon Ice Beast               Ice/Summoning                4
 Y - a book of Changes

   Spells                             Type                      Level
   a - Beastly Appendage              Transmutation                1
   b - Sticks to Snakes               Transmutation                2
   c - Spider Form                    Transmutation/Poison         3
   d - Ice Form                       Ice/Transmutation            4
   e - Blade Hands                    Transmutation                5
Miscellaneous
 B - a phial of floods
Comestibles
 b - 8 meat rations
 h - 27 beef jerkies
 z - 8 slices of pizza
 C - 6 chunks of flesh


   Skills:
 + Level 11.0 Fighting
 + Level 14.5 Dodging
 - Level 15.0 Stealth
 + Level 12.0 Unarmed Combat
 - Level 9.4 Spellcasting
 - Level 14.3 Hexes
 + Level 6.2 Charms
 + Level 5.7 Necromancy
 + Level 7.8 Transmutations
 - Level 3.0 Ice Magic


You had 5 spell levels left.
You knew the following spells:

 Your Spells              Type           Power        Failure   Level  Hunger
a - Corona                Hex            ######.      1%          1    None
b - Ensorcelled Hibernat  Hex/Ice        #####.       4%          2    None
c - Confuse               Hex            ######..     3%          3    None
d - Tukima's Dance        Hex            ######..     3%          3    None
e - Yara's Violent Unrav  Hex/Tmut       #####.....   12%         5    #####..
f - Confusing Touch       Hex            ######       1%          1    None
g - Regeneration          Chrm/Necr      ####......   10%         3    None
h - Blade Hands           Tmut           ####......   22%         5    #####..
i - Summon Guardian Gole  Hex/Summ       ####....     7%          3    None


Dungeon Overview and Level Annotations

Branches:
Dungeon (15/15)            Temple (1/1) D:7            Lair (6/6) D:8
 Shoals (0/4) Lair:3       Spider (0/4) Lair:3        Slime (0/5) Lair:6
    Orc (2/2) D:12            Elf (0/3) Orc:2        Vaults (0/5) D:14
 Depths (0/5) D:15

Altars:
Ashenzari
Cheibriados
Dithmenos
Elyvilon
Fedhas
Gozag
Hepliaklqana
Kikubaaqudgha
Makhleb
Nemelex Xobeh
Okawaru
Qazlal
Ru
Sif Muna
Trog
Uskayaw
Vehumet
Xom
Yredelemnul
Zin
The Shining One
Beogh
Jiyva

Shops:
D:9 =   D:10 *   D:12 }*   D:15 *   Orc:2 ([

Annotations:
D:3 Robin
D:4 exclusion: downstairs
D:7 exclusions: downstairs and statue, Dowan, Duvessa
D:8 exclusion: upstairs
D:9 exclusion: downstairs
D:11 exclusion: obsidian statue
Lair:1 exclusion: downstairs
Orc:2 Saint Roka


Innate Abilities, Weirdness & Mutations

You cannot wear armour.
You are incapable of wielding weapons or throwing items.
Your paws allow you to move quietly. (Stealth)
You have sharp claws.
You have razor-sharp teeth.
You have supernaturally acute eyesight. (SInv)
You are carnivorous and can eat meat at any time.
You cover ground quickly.
Your thick and shaggy fur keeps you warm. (AC +3, rC+)
You have a slow metabolism.
((Your sharp claws are effective at attacking unaware monsters.))


Message History

Saint Roka hits you.
You barely miss Saint Roka.
Saint Roka is moderately wounded.
You slash Saint Roka!
Saint Roka is moderately wounded.
Saint Roka invokes the aid of Beogh against you.
Beogh smites you!
* * * LOW HITPOINT WARNING * * *
Unknown command.
There is a stone staircase leading up here.
As you read the scroll of teleportation, it crumbles to dust.
You feel strangely unstable. Saint Roka misses you.
Unknown command.
You feel much better. Saint Roka completely misses you.
Unknown command.
You slash Saint Roka! You bite Saint Roka, but do no damage.
Saint Roka is moderately wounded.
Saint Roka hits you!!!
Ouch! That really hurt!
You die...

8......'......#...[.[............
...(((.)[8..[.#._...#...........#
##'##8.#......#.....#............
#...####.[....##...##............
#... #..#.....#####............)
#...###.###......................
######..##...)....##............^
....[[.##....#.o...........###'##
########.....#..@..........#...#.
##.......)...........#.8.#8
#......#.....#.......#...#.
#...........##....#..#'###)
..........#.#(.........#...).
..#.....................#.).). .
##.#.......#..#.......##.._.
####...#.##...#....#.######
.....###...##............


You could see Saint Roka.

Vanquished Creatures
  Gastronok (D:12)
  A fire giant (D:15)
  Nessos (Lair:5)
  Snorg (D:10)
  An ettin (Orc:2)
  7 hydras
  Erolcha (D:11)
  5 centaur warriors
  A catoblepas (Lair:5)
  An ice dragon (Lair:6)
  An ogre mage (D:12)
  Erica (D:8)
  4 death yaks
  A deep troll earth mage (D:12)
  Sonja (Lair:2)
  Nergalle (D:10)
  The ghost of kroki the Grappler, a novice MiTm of Cheibriados (D:8)
  5 skeletal warriors
  A flayed ghost (D:12)
  4 unseen horrors
  An orc knight (Orc:2)
  2 hill giants
  A lindwurm (Lair:6)
  An orb spider (shapeshifter) (D:15)
  2 deep elf magi (D:14)
  6 ugly things
  3 orc sorcerers
  6 cyclopes
  3 manticores
  10 elephants (Lair:6)
  Maurice (Orc:2)
  A black mamba (shapeshifter) (D:12)
  6 black mambas
  Psyche (D:11)
  A gargoyle (D:15)
  5 spiny frogs
  6 torpor snails (Lair:6)
  4 centaur skeletons
  2 rime drakes (Lair:6)
  4 komodo dragons
  An efreet (D:15)
  A freezing wraith (D:12)
  3 kobold demonologists (D:11)
  A tengu conjurer (D:15)
  10 trolls
  A jumping spider (Lair:3)
  3 two-headed ogres
  Prince Ribbit (D:6)
  10 hornets
  9 polar bears
  22 blink frogs
  4 tyrant leeches (Lair:6)
  A dancing weapon (Orc:2)
  4 raiju (Lair:6)
  3 slime creatures (Lair:6)
  13 hippogriffs
  A snapping turtle (Lair:3)
  7 redbacks (Lair:3)
  2 shadows
  2 wraiths
  3 vampires
  4 hogs (D:7)
  A human (D:7)
  3 basilisks
  5 wyverns
  33 yaks
  3 hungry ghosts
  A steam dragon (Lair:3)
  2 vampire mosquitoes (D:15)
  7 wargs
  A soldier ant (D:13)
  18 water moccasins
  6 hell hounds (Lair:6)
  15 black bears
  15 porcupines
  A meliai simulacrum (D:15)
  3 ice beasts
  24 orc warriors
  A sky beast (D:6)
  2 necrophages (D:7)
  14 ogres
  37 wolves
  6 centaurs
  8 crocodiles
  7 big kobolds
  16 bullfrogs
  A wyvern zombie (D:12)
  2 gnoll sergeants
  4 scorpions
  20 killer bees
  9 howler monkeys
  16 wights
  6 electric eels
  4 crimson imps
  A bullfrog zombie (D:12)
  2 quasits
  4 centaur zombies
  17 hounds
  2 jellies
  3 bullfrog skeletons
  23 orc priests
  5 iguanas
  10 worker ants
  26 orc wizards
  A hound zombie (D:6)
  A hound skeleton (D:11)
  A worker ant zombie (D:8)
  15 adders
  22 gnolls
  5 shadow imps
  An ooze (D:6)
  5 worms
  4 dart slugs
  4 leopard geckos
  104 orcs
  A ball python (D:1)
  3 giant cockroaches
  14 goblins
  7 hobgoblins
  10 jackals
  20 kobolds
  9 quokkas
  9 bats
  3 frilled lizards (D:1)
  2 jackal skeletons
  3 rats
840 creatures vanquished.

Vanquished Creatures (collateral kills)
  2 ogres
  A killer bee (D:8)
  A wight (D:7)
  A gnoll (D:5)
5 creatures vanquished.

Vanquished Creatures (others)
  2 dancing weapons
  A worker ant (D:8)
  A bush (Lair:6)
  25 fungi
  59 plants
88 creatures vanquished.

Grand Total: 933 creatures vanquished

Notes
Turn   | Place    | Note
-------+----------+-------------------------------------------
     0 | D:1      | motkustreak321 the Felid Enchanter began the quest for the Orb.
     0 | D:1      | Reached XP level 1. HP: 7/7 MP: 4/4
   434 | D:1      | Reached XP level 2. HP: 11/11 MP: 6/6
   438 | D:1      | Learned a level 2 spell: Ensorcelled Hibernation
  1607 | D:2      | Reached XP level 3. HP: 13/14 MP: 0/7
  1705 | D:2      | Learned a level 3 spell: Confuse
  1785 | D:2      | Reached skill level 1 in Ice Magic
  1838 | D:2      | Reached skill level 5 in Stealth
  1838 | D:2      | Reached skill level 5 in Hexes
  2211 | D:3      | Reached XP level 4. HP: 18/18 MP: 3/8
  2426 | D:3      | Found a radiant altar of Vehumet.
  2444 | D:3      | Found an iron altar of Okawaru.
  3021 | D:3      | Noticed Robin
  3755 | D:4      | Noticed an angel
  3755 | D:4      | Found a glowing silver altar of Zin.
  3793 | D:4      | Reached XP level 5. HP: 18/21 MP: 0/9
  3878 | D:4      | Found a basalt altar of Yredelemnul.
  4273 | D:4      | Found a shimmering altar of Xom.
  4680 | D:4      | Reached skill level 6 in Stealth
  4778 | D:4      | Gained mutation: You are covered in thick fur. (AC +2) [Felid growth]
  4778 | D:4      | Reached XP level 6. HP: 13/24 MP: 1/10
  5143 | D:5      | Entered Level 5 of the Dungeon
  6547 | D:5      | Learned a level 3 spell: Tukima's Dance
  6977 | D:5      | Found a sacrificial altar of Ru.
  7016 | D:5      | Reached skill level 7 in Stealth
  7016 | D:5      | Reached XP level 7. HP: 27/27 MP: 5/11
  8517 | D:6      | Noticed Prince Ribbit
  8763 | D:6      | Reached XP level 8. HP: 31/31 MP: 10/13
  9029 | D:6      | Reached skill level 8 in Stealth
  9459 | D:7      | Found a shadowy altar of Dithmenos.
  9470 | D:7      | Reached skill level 1 in Fighting
  9470 | D:7      | Reached skill level 5 in Dodging
  9523 | D:7      | Reached skill level 5 in Unarmed Combat
  9664 | D:7      | Mangled by a hog
  9665 | D:7      | Reached XP level 7. HP: -7/30 MP: 7/13
  9671 | D:7      | Noticed Dowan
  9689 | D:7      | Reached XP level 8. HP: 19/33 MP: 2/14
  9913 | D:7      | Reached skill level 9 in Stealth
 10254 | D:7      | Found a radiant altar of Vehumet.
 10257 | D:7      | Noticed Duvessa
 10323 | D:6      | Killed Prince Ribbit
 11292 | D:8      | Noticed kroki's ghost (novice MiTm)
 11391 | D:7      | Reached XP level 9. HP: 29/37 MP: 4/16
 11666 | D:7      | Found a staircase to the Ecumenical Temple.
 11686 | Temple   | Entered the Ecumenical Temple
 12055 | D:8      | Killed kroki's ghost
 12055 | D:8      | Reached skill level 10 in Hexes
 12287 | D:8      | Noticed Erica
 12565 | D:8      | Killed Erica
 12565 | D:8      | Reached skill level 10 in Stealth
 12565 | D:8      | Reached skill level 5 in Spellcasting
 12780 | D:8      | Found a staircase to the Lair.
 12788 | Lair:1   | Entered Level 1 of the Lair of Beasts
 13151 | Lair:1   | Reached XP level 10. HP: 43/43 MP: 17/19
 13809 | D:7      | Reached skill level 5 in Fighting
 14405 | D:9      | Found a blossoming altar of Fedhas.
 14406 | D:9      | Found a deep blue altar of Sif Muna.
 14406 | D:9      | Found a glowing golden altar of the Shining One.
 14406 | D:9      | Found an opulent altar of Gozag.
 14410 | D:9      | Became a worshipper of Sif Muna the Loreminder
 14417 | D:9      | Found a white marble altar of Elyvilon.
 14417 | D:9      | Found a snail-covered altar of Cheibriados.
 14842 | Lair:1   | Reached skill level 11 in Stealth
 15188 | Lair:1   | Noticed a spiny frog
 15193 | Lair:1   | Killed a spiny frog
 15490 | Lair:1   | Reached XP level 11. HP: 48/48 MP: 8/21
 16353 | Lair:1   | Learned a level 5 spell: Yara's Violent Unravelling
 16738 | Lair:2   | Reached * piety under Sif Muna
 16965 | Lair:2   | Noticed Sonja
 17593 | Lair:2   | Killed Sonja
 17795 | Lair:2   | Reached skill level 12 in Stealth
 17941 | Lair:3   | Reached skill level 10 in Dodging
 18498 | Lair:3   | Found a hole to the Spider Nest.
 18882 | Lair:3   | Reached skill level 1 in Transmutations
 18882 | Lair:3   | Gained mutation: Your thick and shaggy fur keeps you warm. (AC +3, rC+) [Felid growth]
 18882 | Lair:3   | Reached XP level 12. HP: 54/54 MP: 23/23
 18957 | Lair:3   | Found a staircase to the Shoals.
 19955 | Lair:4   | Noticed a four-headed hydra
 19960 | Lair:4   | Killed a four-headed hydra
 20072 | Lair:4   | Reached ** piety under Sif Muna
 20562 | Lair:5   | Noticed a catoblepas
 20578 | Lair:5   | Killed a catoblepas
 20815 | Lair:5   | Noticed Nessos
 21296 | Lair:5   | Noticed a death yak
 21296 | Lair:5   | Noticed a death yak
 21400 | Lair:4   | Reached skill level 13 in Stealth
 21472 | Lair:4   | Killed a death yak
 21558 | Lair:4   | Learned a level 1 spell: Confusing Touch
 22168 | Lair:5   | Noticed a death yak
 22170 | Lair:5   | Noticed a death yak
 22195 | Lair:5   | Noticed a death yak
 22531 | Lair:5   | Killed a death yak
 22711 | Lair:5   | Shot with an arrow by Nessos
 22712 | Lair:5   | Reached XP level 11. HP: -12/51 MP: 24/24
 22726 | Lair:5   | Noticed a five-headed hydra
 22733 | Lair:5   | Killed a five-headed hydra
 22808 | Lair:6   | Entered Level 6 of the Lair of Beasts
 22826 | Lair:6   | Reached XP level 12. HP: 55/55 MP: 22/25
 22932 | Lair:6   | Slain by a wolf
 22933 | Lair:6   | Reached XP level 11. HP: -2/51 MP: 24/24
 22933 | Lair:6   | Found a staircase to the Slime Pits.
 23095 | Lair:6   | Reached *** piety under Sif Muna
 23285 | Lair:6   | Found a runed door.
 23498 | Lair:6   | Noticed a six-headed hydra
 23780 | Lair:6   | Noticed a lindwurm
 23815 | Lair:6   | Killed a six-headed hydra
 23824 | Lair:6   | Killed a lindwurm
 23824 | Lair:6   | Reached skill level 5 in Transmutations
 24232 | Lair:6   | Reached XP level 12. HP: 56/56 MP: 18/25
 24353 | Lair:6   | Reached skill level 10 in Unarmed Combat
 24469 | Lair:6   | Noticed a death yak
 24471 | Lair:6   | Noticed a death yak
 24472 | Lair:6   | Noticed a death yak
 24473 | Lair:6   | Noticed a death yak
 24668 | Lair:6   | Reached skill level 14 in Stealth
 25071 | Lair:5   | Killed Nessos
 25150 | Lair:6   | Killed a death yak
 26440 | Lair:6   | Reached **** piety under Sif Muna
 26511 | Lair:6   | Noticed a six-headed hydra
 26529 | Lair:6   | Killed a six-headed hydra
 26878 | Lair:6   | Reached XP level 13. HP: 37/60 MP: 2/27
 30380 | D:9      | Found Biemno Iriji's Jewellery Emporium.
 30387 | D:9      | Bought an uncursed ring of wizardry for 360 gold pieces
 30769 | D:10     | Entered Level 10 of the Dungeon
 30769 | D:10     | Noticed Nergalle
 30777 | D:10     | Killed Nergalle
 30779 | D:10     | Noticed Snorg
 31212 | D:10     | Learned a level 3 spell: Regeneration
 31392 | D:10     | Killed Snorg
 31392 | D:10     | Reached skill level 15 in Stealth
 31400 | D:10     | Got a flickering amber ring
 31402 | D:10     | Identified the ring of Kusep {rPois rC+ rN+} (You found it on level 10 of the Dungeon)
 31630 | D:10     | Reached skill level 1 in Necromancy
 31695 | D:10     | Reached skill level 10 in Fighting
 31736 | D:10     | Found a sacrificial altar of Ru.
 31807 | D:10     | Found Mozeg's Assorted Antiques.
 31822 | D:10     | Bought a papyrus book for 405 gold pieces
 31822 | D:10     | Bought a paperback book for 405 gold pieces
 31822 | D:10     | Bought a scroll labeled IHAGAXZE KYGA for 27 gold pieces
 31831 | D:10     | Learned a level 5 spell: Blade Hands
 31835 | D:10     | Learned a level 3 spell: Summon Guardian Golem
 32285 | D:11     | Noticed Psyche
 32297 | D:11     | Noticed Erolcha
 32323 | D:11     | Killed Psyche
 32700 | D:11     | Killed Erolcha
 32705 | D:11     | Reached ***** piety under Sif Muna
 32705 | D:11     | Identified Sif Muna's Papyrus of Dusty Attacks (Sif Muna gifted it to you on level 11 of the Dungeon)
 32705 | D:11     | Received a gift from Sif Muna
 32755 | D:11     | Reached skill level 1 in Charms
 33818 | D:12     | Found Etaos's General Store.
 33830 | D:12     | Bought a scroll of identify for 32 gold pieces
 34115 | D:12     | Reached XP level 14. HP: 56/66 MP: 28/28
 34386 | D:12     | Mangled by a cyan ugly thing
 34387 | D:12     | Reached XP level 13. HP: -7/61 MP: 23/27
 34766 | D:12     | Found a staircase to the Orcish Mines.
 34966 | Orc:1    | Entered Level 1 of the Orcish Mines
 35309 | Orc:2    | Entered Level 2 of the Orcish Mines
 35472 | Orc:2    | Found a roughly hewn altar of Beogh.
 35495 | Orc:2    | Found a staircase to the Elven Halls.
 35531 | Orc:2    | Noticed Maurice
 35545 | Orc:2    | Killed Maurice
 35609 | Orc:2    | Found a roughly hewn altar of Beogh.
 35612 | Orc:2    | Found Wurie's Weapon Emporium.
 35700 | Orc:2    | Found a roughly hewn altar of Beogh.
 36049 | Orc:2    | Noticed Saint Roka
 36427 | Orc:1    | Found a roughly hewn altar of Beogh.
 37049 | Orc:2    | Found a roughly hewn altar of Beogh.
 37062 | Orc:2    | Found Tufiar's Armour Emporium.
 37360 | D:12     | Received a gift from Sif Muna
 37590 | D:12     | Noticed Gastronok
 37604 | D:12     | Killed Gastronok
 37679 | D:12     | Found Iwul's Gadget Shoppe.
 38025 | D:12     | Reached skill level 5 in Charms
 38951 | D:13     | Reached XP level 14. HP: 66/66 MP: 19/28
 38988 | D:13     | Reached skill level 5 in Necromancy
 39579 | D:14     | Found a glowing golden altar of the Shining One.
 39679 | D:14     | Found a gate to the Vaults.
 39695 | D:15     | Entered Level 15 of the Dungeon
 39720 | D:15     | Found a staircase to the Depths.
 39720 | D:15     | Noticed a fire giant
 39736 | D:15     | Killed a fire giant
 40031 | D:15     | Found Juru's Blood Bar.
 40363 | D:15     | Found a glowing golden altar of the Shining One.
 41066 | Orc:2    | Found a roughly hewn altar of Beogh.
 41189 | Orc:2    | Found a roughly hewn altar of Beogh.
 41381 | Orc:2    | Slain by Saint Roka

Vault maps used:
D:1:      dpeg_arrival_three_same_balls
D:2:      first_bread
D:3:      okawaru_trees_1, lemuel_tele_altar, uniq_robin
D:4:      grunt_temple_overflow_order_and_chaos_1, yredelemnul_altar_generic
D:5:      kennysheep_mini_moat
D:6:      uniq_prince_ribbit1
D:7:      nicolae_dithmenos_the_darkroom, vehumet_statue, grunt_livestock,
          uniq_duvessa
D:8:      lair_0_dummy, uniq_erica
D:9:      minmay_overflow_temple_hex, serial_shops, nicolae_shop_statue_plus
D:10:     minmay_tri_box, serial_shops, kennysheep_mini, basic_altar,
          uniq_nergalle, uniq_snorg
D:11:     wad_floor_pattern_1, minivault_15, uniq_erolcha, uniq_psyche
D:12:     minmay_two_paths, erik_orc_2, serial_shops, shop, shop, uniq_gastronok
D:14:     david_vaults_2, lemuel_round_altar
D:15:     grunt_enter_depths_giant_problem, tso_altar, guppyfry_shop_blood
Temple:   pf_slimified_temple
Lair:1:   beast_lair_carwin_10, lemuel_fruit_tree, grunt_megastairs_1
Lair:2:   special_room, infiniplex_staircase_pool_2, serial_bayou_shore_a,
          lemuel_fruit_fields, uniq_sonja
Lair:3:   minmay_shoals_entry_hut, nicolae_spider_entry_tight_spaces
Lair:4:   minmay_guarded_unrand_snakebite
Lair:5:   uniq_nessos
Lair:6:   hangedman_lair_caniforms_friends, wormcave,
          minmay_slime_entry_pillars, serial_bayou_lagoon_a
Orc:1:    basic_altar, uniq_josephine
Orc:2:    grunt_orc_community_town_hall, grunt_orc_community_big_house_2,
          grunt_orc_community_big_house_2, grunt_orc_community_house_2,
          grunt_orc_community_house_2, grunt_orc_community_house_3,
          grunt_orc_community_house_1, grunt_orc_community_house_2, uniq_maurice

Skill      XL: |  1  2  3  4  5  6  7  8  9 10 11 12 13 14 |
---------------+-------------------------------------------+-----
Ice Magic      | 1 2 3 |  3.0
Stealth        | 5 6 7 9 10 11 12 14 15 | 15.0
Hexes          | 5 6 7 8 9 10 11 14 13 | 14.3
Unarmed Combat | 2 3 4 5 6 7 8 10 11 12 | 12.0
Dodging        | 4 6 7 8 10 12 14 | 14.5
Spellcasting   | 4 5 6 7 9 |  9.4
Fighting       | 3 4 5 7 9 10 11 | 11.0
Transmutations | 5 3 7 |  7.8
Necromancy     | 4 5 |  5.7
Charms         | 5 6 |  6.2

Action                   |  1- 3 |  4- 6 |  7- 9 | 10-12 | 13-15 || total
-------------------------+-------+-------+-------+-------+-------++-------
Melee: Unarmed           |    86 |   133 |   217 |   630 |  1107 ||  2173
       Bite              |    10 |     5 |    14 |    58 |   106 ||   193
       Punch             |       |     3 |     2 |    15 |    43 ||    63
 Cast: Corona            |     6 |       |       |       |       ||     6
       Ensorcelled Hiber |    35 |    94 |   105 |   224 |    90 ||   548
       Confuse           |       |     1 |    33 |   194 |   172 ||   400
       Tukima's Dance    |       |     2 |    14 |     5 |    11 ||    32
       Confusing Touch   |       |       |       |    15 |    13 ||    28
       Yara's Violent Un |       |       |       |     1 |       ||     1
       Regeneration      |       |       |       |       |    36 ||    36
       Blade Hands       |       |       |       |       |    25 ||    25
       Summon Guardian G |       |       |       |       |     3 ||     3
Evoke: Wand              |       |       |       |    14 |     3 ||    17
  Use: Scroll            |       |     1 |     3 |     4 |    22 ||    30
       Potion            |       |       |     3 |     7 |     1 ||    11
 Stab: Sleeping          |    24 |    57 |    62 |   147 |   109 ||   399
       Distracted        |     1 |       |     2 |       |    11 ||    14
       Confused          |       |     1 |    12 |   105 |   108 ||   226
  Eat: Chunk             |    12 |    16 |    26 |    37 |    45 ||   136
Armor: Skin              |     8 |     5 |    15 |    16 |    21 ||    65
Dodge: Dodged            |   101 |   138 |   166 |   773 |   978 ||  2156
